 Dungeon Crawl Stone Soup version 0.24.0-13-gcf9b3192b9 (webtiles) character file.

Game seed: 14204106899627385899, levelgen mode: deterministic

357 Lanoc the Digger (level 6, -3/41 HPs)
             Began as a Demonspawn Earth Elementalist on Nov 10, 2019.
             Killed by divine providence
             ... invoked by an orc priest
              (9 damage)
             ... on level 4 of the Dungeon.
             The game lasted 00:06:01 (3646 turns).

Lanoc the Digger (Demonspawn Earth Elementalist)    Turns: 3646, Time: 00:06:02

Health: -3/41      AC:  4    Str:  9    XL:     6   Next: 37%
Magic:  7/9        EV: 13    Int: 17    God:
Gold:   201        SH:  4    Dex: 14    Spells: 6/9 levels left

rFire    + . .     SeeInvis .   j - +1 dagger (speed)
rCold    + . .     Gourm    .   k - +0 buckler
rNeg     . . .     Faith    .   c - +0 robe
rPois    +         Spirit   .   (helmet restricted)
rElec    +         Reflect  .   (no cloak)
rCorr    +         Harm     .   (no gloves)
MR       .....                  (no boots)
Stlth    ++........             (no amulet)
HPRegen  0.13/turn              (no ring)
MPRegen  0.11/turn              (no ring)

@: resistant
A: antennae 2, icy blue scales 1, spiny 1
a: no special abilities


You were on level 4 of the Dungeon.
You were very hungry.

You visited 1 branch of the dungeon, and saw 4 of its levels.

You collected 201 gold pieces.

Inventory:

Hand Weapons
 j - a +1 dagger of speed (weapon)
Missiles
 b - 41 stones (quivered)
Armour
 c - a +0 robe (worn)
 i - a +0 shield
 k - a +0 buckler (worn)
Scrolls
 l - 2 scrolls of enchant weapon {unknown}
 n - a scroll of remove curse {unknown}
 o - a scroll of noise {unknown}
 u - a scroll of magic mapping {unknown}
 v - a scroll of enchant armour {unknown}
 w - a scroll of immolation {unknown}
 x - a scroll of teleportation {unknown}
Potions
 a - 2 potions of resistance
 f - a potion of ambrosia {unknown}
 g - a potion of agility
 h - 3 potions of magic {unknown}
 p - 2 potions of cancellation {unknown}
 q - 2 potions of heal wounds {unknown}
 r - a potion of invisibility {unknown}
 s - a potion of lignification
Comestibles
 d - 3 rations


   Skills:
 + Level 3.4 Dodging
 - Level 1.7 Stealth
 + Level 2.3 Shields
 - Level 2.0 Spellcasting
 - Level 0.8 Transmutations
 * Level 5.1 Earth Magic


You had 6 spell levels left.
You knew the following spells:

 Your Spells              Type           Power        Failure   Level  Hunger
a - Sandblast             Erth           ###...       2%          1    #......
b - Passwall              Tmut/Erth      ##......     11%         2    ###....

Your spell library contained the following spells:

 Spells                   Type           Power        Failure   Level  Hunger
 Stone Arrow              Conj/Erth      ##....       24%         3    ###....
 Petrify                  Tmut/Erth      ##......     56%         4    #####..
 Lee's Rapid Deconstruct  Erth           ###.......   61%         5    ######.


Dungeon Overview and Level Annotations

Branches:
Dungeon (4/15)
 Temple: D:4-7

Altars:
Dithmenos
Elyvilon
Zin

Annotations:
D:3 2 transporters, Aviak's ghost, amateur DDFi


Innate Abilities, Weirdness & Mutations

You have a pair of antennae on your head.
You are partially covered in icy blue scales. (AC +2)
You are partially covered in sharp spines.


Message History

b - 42 stones Something hits you but does no damage.
Casting: Sandblast (safe; 2% risk of failure)
Confirm with . or Enter, or press ? or * to list all spells.
Aiming: Sandblast (safe; 2% risk of failure)
Press: ? - help, Shift-Dir - straight line, f/p - orc priest
Aim: an orc priest, wielding a +0 hand axe and wearing a +0 scale mail The blast of sand hits the orc priest but does no damage.
b - 41 stones Something hits you but does no damage.
The orc priest calls down the wrath of Beogh upon you.
Beogh smites you!
* * * LOW HITPOINT WARNING * * *
It was a potion of resistance.
You feel protected. Something hits you.
* * * LOW HITPOINT WARNING * * *
The orc priest mumbles some strange prayers to Beogh against you.
Beogh smites you!
You die...

#.# #.# #.####..
#+##'##### #......
#.#......# #.....
####.#......# #....
#....'......# #...
#.##.#......# #..
.....#......# #.#
#.####......# #@#
#.##############{#
......#.o......#o##.####
#.#.#.#.####...w{.......
...............##.#.####
......................
...o#.#.####.#w#.#.###..
..#)#.#.# #.....#.. .
....#.#.# #.........


You could see a worm and an orc priest.

Vanquished Creatures
  Sigmund (D:3)
  3 orc priests
  A worker ant (D:4)
  2 adders
  An ooze (D:2)
  3 worms
  A dart slug (D:1)
  5 leopard geckos
  3 orcs
  3 bats
  8 goblins
  10 hobgoblins
  6 jackals
  9 kobolds
  3 frilled lizards
  5 rats
64 creatures vanquished.

Vanquished Creatures (others)
  3 plants (D:3)
  5 toadstools (D:1)
8 creatures vanquished.

Grand Total: 72 creatures vanquished

Notes
Turn   | Place    | Note
-------+----------+-------------------------------------------
     0 | D:1      | Lanoc the Demonspawn Earth Elementalist began the quest for
                  | the Orb.
     0 | D:1      | Reached XP level 1. HP: 13/13 MP: 3/3
   177 | D:1      | Reached skill level 3 in Earth Magic
   199 | D:1      | Gained mutation: You are partially covered in sharp spines.
                  | [demonic ancestry]
   199 | D:1      | Reached XP level 2. HP: 7/19 MP: 0/5
  1404 | D:2      | Reached XP level 3. HP: 10/24 MP: 6/6
  1736 | D:2      | Learned a level 2 spell: Passwall
  1845 | D:2      | Reached skill level 1 in Shields
  2059 | D:2      | Reached skill level 4 in Earth Magic
  2059 | D:2      | Gained mutation: You have a pair of small antennae on your
                  | head. [demonic ancestry]
  2059 | D:2      | Reached XP level 4. HP: 16/30 MP: 2/7
  2590 | D:2      | Found a shadowy altar of Dithmenos.
  2604 | D:2      | Gained mutation: You are partially covered in icy blue
                  | scales. (AC +2) [demonic ancestry]
  2604 | D:2      | Reached XP level 5. HP: 35/35 MP: 8/8
  2820 | D:3      | Noticed Sigmund
  2826 | D:3      | Killed Sigmund
  2826 | D:3      | Gained mutation: You have a pair of antennae on your head.
                  | [demonic ancestry]
  2826 | D:3      | Reached XP level 6. HP: 25/41 MP: 4/9
  3035 | D:3      | Found a glowing silver altar of Zin.
  3049 | D:3      | Reached skill level 5 in Earth Magic
  3073 | D:3      | Found a transporter.
  3210 | D:3      | Found a transporter.
  3266 | D:3      | Found a white marble altar of Elyvilon.
  3293 | D:3      | Noticed Aviak's ghost (amateur DDFi)
  3646 | D:4      | Killed from afar by an orc priest

Levels and vault maps discovered:
D:1:      doesnt_arrival_eight_statues, layout_basic, minmay_gold_behind_fungi
D:2:      layout_basic, grunt_dithmenos_smoke
D:3:      layout_loops_cross, zin_academy, marbit_many_paths,
          gammafunk_ghost_gnarly_gnolls, uniq_sigmund
D:4:      layout_basic, evilmike_ruin_ashenzari, first_ration,
          minmay_diced_spiral, uniq_pikel, uniq_menkaure

Skill      XL: |  1  2  3  4  5  6 |
---------------+-------------------+-----
Dodging        | 2 3 |  3.4
Earth Magic    | 3 4 5 |  5.1
Shields        | 1 2 |  2.3
Stealth        | |  1.7
Spellcasting   | |  2.0
Transmutations | |  0.8

Action                   |  1- 3 |  4- 6 || total
-------------------------+-------+-------++-------
Melee: Unarmed           |    44 |       ||    44
       Dagger            |    77 |    65 ||   142
 Cast: Sandblast         |    16 |    16 ||    32
  Use: Scroll            |       |     3 ||     3
       Potion            |       |     1 ||     1
 Stab: Sleeping          |     1 |     2 ||     3
  Eat: Chunk             |     4 |     4 ||     8
Armor: Robe              |    15 |     9 ||    24
Dodge: Dodged            |    51 |    22 ||    73
Block: Buckler           |     8 |    11 ||    19
